Map: [ESL] Babylon

Players

Bunny

  • Race: Terran Terran

Classic - Winner!

  • Race: Protoss Protoss

Event: IEM Katowice 2023

VOD

Have the link to the VOD?

Description

Time

  • Played on: Feb. 9, 2023, 12:14 p.m.
  • Length: 14:19

All games in this series

Show
View Real Time Build Order
Export as new Build Order

Bunny Terran 

Build Orders:  

Get SALT Encoding   

  12  0:00  SCV  
  13  0:12  SCV  
  14  0:17  Supply Depot  
  14  0:24  SCV  
  15  0:39  SCV  
  15  0:40  Barracks  
  16  0:46  Refinery  
  16  0:51  SCV  
  16  0:55  Refinery  
  17  1:03  SCV  
  18  1:15  SCV  
  19  1:27  Orbital Command  
  19  1:29  Barracks Tech Lab  
  19  1:41  Supply Depot  
  19  1:48  Marauder  
  19  1:53  Factory  
  21  1:57  Concussive Shells  
  21  2:02  SCV  
  22  2:09  Marauder  
  22  2:15  SCV  
  25  2:17  Supply Depot  
  25  2:27  SCV  
  26  2:31  Marauder  
  28  2:39  Bunker, SCV  
  28  2:42  Factory Tech Lab  
  29  2:52  Marauder  
  29  2:55  SCV  
  31  3:02  Cyclone  
  34  3:07  SCV  
  34  3:13  Supply Depot  
  34  3:16  Marauder  
  34  3:19  SCV  
  37  3:35  Cyclone  
  37  3:37  Supply Depot  
  40  3:43  Marauder  
  36  3:51  Command Center  
  36  3:56  SCV  
  37  4:09  Cyclone  
  36  4:10  Marauder  
  36  4:14  SCV  
  36  4:19  Starport  
  36  4:29  Barracks, SCV  
  35  4:32  Marauder  
  37  4:41  Cyclone  
  37  4:45  SCV  
  39  4:56  Barracks  
  39  4:58  SCV  
  40  5:00  Viking  
  42  5:08  Orbital Command  
  42  5:18  SCV  
  42  5:20  Barracks Reactor  
  42  5:21  Siege Tank  
  43  5:30  SCV  
  43  5:32  Liberator  
  43  5:33  SCV  
  48  5:42  SCV  
  49  5:45  Marine, SCV  
  49  5:49  Supply Depot  
  51  5:54  SCV  
  51  5:55  Marine  
  51  5:57  Siege Tank, SCV  
  56  5:58  Marine x2  
  56  6:01  Supply Depot  
  59  6:06  SCV  
  59  6:09  Marine, SCV  
  59  6:10  Refinery  
  62  6:13  Marine  
  62  6:16  Marine x2, Medivac  
  68  6:18  SCV  
  67  6:27  Marine  
  67  6:30  Marine  
  64  6:34  Marine x2  
  64  6:38  SCV  
  64  6:39  SCV  
  61  6:44  Marine  
  55  6:48  Marine  
  55  6:51  Marine x2  
  55  6:53  Viking  
  53  7:02  Marine  
  53  7:06  Marine  
  55  7:09  Marine x2  
  55  7:13  SCV  
  58  7:20  Marine  
  59  7:24  Marine  
  59  7:27  Marine x2  
  59  7:29  SCV  
  63  7:38  Marine  
  63  7:42  Marine  
  62  7:45  Marine x2  
  55  7:56  Siege Tank  
  55  7:57  SCV x2  
  45  8:10  SCV x2  
  45  8:11  Barracks Tech Lab x2  
  41  8:13  Marine x2  
  43  8:22  SCV x2  
  42  8:32  Marine x3  
  42  8:34  Marine, SCV x2  
  43  8:35  Stimpack  
  43  8:38  Siege Tank  
  45  8:43  Starport Reactor  
  45  8:46  SCV  
  46  8:49  SCV  
  46  8:50  Marine x2  
  46  8:52  Marine x2  
  51  9:00  SCV  
  51  9:01  SCV  
  51  9:02  Combat Shield  
  53  9:08  Marine x2  
  55  9:10  Marauder  
  55  9:12  Marauder  
  55  9:16  SCV x2  
  61  9:20  Siege Tank  
  64  9:26  Marine x2  
  61  9:40  Medivac  
  61  9:41  Marauder x2  
  61  9:42  SCV x2  
  61  9:44  Marine x2  
  61  9:45  Supply Depot  
  68  9:48  Medivac  
  70  9:55  SCV x2  
  72  10:04  Siege Tank  
  72  10:05  Marine x2  
  72  10:06  Marauder  
  79  10:07  SCV x2  
  79  10:10  Marauder  
  83  10:26  Medivac  
  85  10:28  Marine x2  
  85  10:34  Marauder x2  
  93  10:45  Command Center  
  93  10:47  Supply Depot  
  93  10:49  Siege Tank, Supply Depot  
  94  10:52  Supply Depot  
  94  10:55  Supply Depot x2  
  94  11:08  Marauder x2  
  94  11:09  Supply Depot x2  
  98  11:13  Marine x2  
  98  11:18  Bunker  
  100  11:21  Bunker  
  100  11:33  Marauder x2  
  100  11:34  Marine x2  
  100  11:38  Siege Tank  
  108  11:42  Medivac  
  107  11:52  Bunker  
  107  11:56  Bunker  
  107  11:59  Bunker  
  107  12:01  Marauder  
  108  12:04  Marine x2  
  91  12:49  Orbital Command  
  91  12:50  Marine  
  89  13:08  Marine  
  89  13:09  Marine x2  
  92  13:22  Medivac  
  92  13:26  Marine  
  92  13:27  Marine x3  
  57  14:04  Bunker  
  57  14:06  Bunker  
Show
View Real Time Build Order
Export as new Build Order

Classic Protoss - Winner!

Build Orders: 1 Gate Expand, Oracle Opening 

Get SALT Encoding   

  12  0:00  Probe  
  13  0:12  Probe  
  14  0:18  Pylon  
  14  0:24  Probe  
  15  0:36  Gateway  
  15  0:37  Probe (Chrono Boost)  
  16  0:47  Assimilator, Probe (Chrono Boost)  
  17  0:51  Probe (Chrono Boost)  
  18  1:03  Probe  
  20  1:23  Cybernetics Core, Zealot  
  21  1:35  Nexus  
  21  1:42  Pylon  
  21  1:44  Probe  
  22  1:49  Assimilator  
  22  1:56  Probe  
  22  1:57  Adept (Chrono Boost)  
  25  2:08  Probe  
  26  2:17  Adept (Chrono Boost)  
  26  2:20  Probe  
  29  2:24  Stargate  
  29  2:33  Probe, Warp Gate  
  30  2:46  Stalker (Chrono Boost)  
  32  3:02  Pylon  
  32  3:07  Oracle (Chrono Boost)  
  33  3:20  Pylon, Stalker  
  33  3:25  Pylon  
  32  3:28  Probe  
  31  3:38  Probe  
  31  3:40  Probe  
  30  3:50  Probe  
  30  3:52  Probe  
  32  3:59  Stalker (Chrono Boost)  
  32  4:02  Probe  
  35  4:05  Probe  
  34  4:14  Probe  
  34  4:17  Probe  
  34  4:21  Oracle (Chrono Boost)  
  35  4:26  Probe  
  35  4:29  Probe  
  36  4:34  Stalker  
  38  4:39  Probe  
  38  4:41  Probe  
  40  4:49  Oracle (Chrono Boost)  
  40  4:51  Probe  
  44  4:53  Probe  
  44  4:57  Stalker  
  47  5:02  Pylon  
  47  5:04  Probe  
  48  5:13  Probe  
  49  5:16  Probe  
  49  5:17  Oracle (Chrono Boost)  
  50  5:25  Shield Battery  
  50  5:28  Probe x2  
  52  5:31  Assimilator  
  52  5:33  Assimilator  
  52  5:37  Robotics Facility  
  52  5:43  Probe x2  
  52  5:44  Gateway  
  52  5:48  Stalker  
  56  5:53  Pylon  
  56  5:55  Probe x2  
  58  6:00  Gateway  
  58  6:07  Probe x2  
  60  6:12  Sentry  
  62  6:19  Probe x2  
  62  6:23  Pylon  
  64  6:33  Immortal (Chrono Boost)  
  68  6:41  Pylon  
  68  6:42  Stalker  
  68  6:43  Pylon  
  70  6:52  Pylon  
  70  6:53  Phoenix  
  70  6:55  Pylon  
  70  7:00  Stalker x2  
  73  7:06  Stalker  
  75  7:12  Immortal  
  79  7:18  Phoenix (Chrono Boost)  
  81  7:32  Stalker x3  
  81  7:35  Phoenix  
  77  7:45  Probe x2  
  68  7:56  Stalker x2  
  68  7:57  Probe x2  
  68  7:59  Stalker  
  64  8:09  Probe x2  
  66  8:15  Robotics Bay  
  66  8:20  Immortal  
  66  8:21  Probe x2  
  72  8:33  Nexus  
  72  8:46  Probe  
  72  8:47  Probe  
  74  8:48  Pylon  
  74  8:49  Sentry x2  
  74  8:50  Zealot  
  80  8:57  Colossus (Chrono Boost)  
  80  8:59  Probe x2  
  88  9:05  Extended Thermal Lance  
  88  9:12  Probe x2  
  90  9:20  Stalker x3  
  96  9:25  Shield Battery  
  96  9:36  Probe x2  
  96  9:38  Colossus (Chrono Boost)  
  98  9:48  Probe x3  
  98  9:51  Assimilator  
  101  9:53  Phoenix  
  101  9:56  Twilight Council  
  101  10:00  Probe  
  101  10:02  Forge  
  102  10:15  Gateway  
  102  10:17  Gateway  
  102  10:19  Pylon, Observer (Chrono Boost)  
  103  10:22  Gateway  
  103  10:23  Zealot x2  
  103  10:24  Zealot  
  103  10:27  Charge (Chrono Boost)  
  103  10:28  Protoss Ground Weapons Level 1 (Chrono Boost)  
  109  10:35  Pylon  
  109  10:42  Immortal  
  113  10:49  Zealot x3  
  119  10:52  Gateway  
  117  10:57  Gateway  
  117  11:02  Pylon  
  117  11:06  Shield Battery  
  117  11:08  Shield Battery  
  117  11:09  Observer  
  117  11:12  Zealot  
  117  11:13  Zealot x3  
  117  11:16  Zealot  
  117  11:17  Zealot  
  129  11:28  Templar Archives  
  129  11:39  Zealot x6  
  139  12:01  Zealot x4  
  145  12:03  Pylon  
  145  12:05  Pylon  
  145  12:06  Pylon  
  147  12:09  Pylon  
  147  12:10  Zealot  
  147  12:11  Zealot  
  139  12:25  Zealot x6  
  139  12:27  Immortal  
  151  12:38  High Templar x2  
  151  12:40  Pylon  
  155  12:44  Archon  
  155  12:51  High Templar x5  
  155  12:52  High Templar  
  161  12:58  Archon  
  161  12:59  Archon x2  
  163  13:13  Zealot x2  
  164  13:24  Zealot x6  
  166  13:46  Zealot x8  
  168  14:09  Zealot x4  
  173  14:15  Zealot x2  
  173  14:16  Zealot  

Tags
 
Add a new tag
Caveats
  • Supply blocks, unpowered buildings, or Contaminate may cause inaccurate times.
  • Supply counts are checked every 10 seconds.